 Dungeon Crawl Stone Soup version 0.29-a0-371-g91724d5b39 (webtiles) character file.

Game seed: 6070172287010900599

86 jlumianski the Covered (level 4, -2/35 HPs)
             Began as a Demonspawn Fighter on May 2, 2022.
             Slain by an ogre
             ... wielding a +0 giant spiked club
              (11 damage)
             ... on level 3 of the Dungeon.
             The game lasted 00:08:08 (2695 turns).

jlumianski the Covered (Demonspawn Fighter)         Turns: 2695, Time: 00:08:09

Health: -2/35      AC:  8    Str: 18    XL:     4   Next: 27%
Magic:  4/4        EV:  9    Int:  9    God:
Gold:   135        SH:  5    Dex: 13    Spells: 3/3 levels left

rFire   + . .      SeeInvis .   j - +1 demon whip (chaos)
rCold   . . .      Faith    .   c - +1 buckler
rNeg    . . .      Spirit   .   b - +0 scale mail
rPois   .          Reflect  .   (helmet restricted)
rElec   .          Harm     .   (no cloak)
rCorr   .          Rampage  .   o - +0 pair of gloves
Will    .....                   (no boots)
Stlth   ..........              (no amulet)
HPRegen 0.11/turn               g - ring of protection from fire
MPRegen 0.09/turn               (no ring)

@: no status effects
A: horns 1, foul stench 1
a: no special abilities


You were on level 3 of the Dungeon.
You visited 1 branch of the dungeon, and saw 4 of its levels.

You collected 135 gold pieces.

Inventory:

Hand Weapons
 a - a +0 war axe
 f - a +0 whip of electrocution
 j - a +1 demon whip of chaos (weapon)
Missiles
 e - 103 stones (quivered)
 k - 2 boomerangs
Armour
 b - a +0 scale mail (worn)
 c - a +1 buckler (worn)
 n - a +0 helmet
 o - a +0 pair of gloves (worn)
Magical Staves
 m - a staff of poison
Jewellery
 g - a ring of protection from fire (left hand)
Scrolls
 i - a scroll of immolation
 l - a scroll of teleportation
Potions
 d - a potion of might
 h - 2 potions of attraction
 p - a potion of haste


   Skills:
 + Level 3.5 Fighting
 + Level 0.1 Short Blades
 + Level 2.4 Axes
 + Level 3.6 Armour
 + Level 0.4 Dodging
 + Level 3.0 Shields


You had 3 spell levels left.
You didn't know any spells.
Your spell library contained the following spells:

 Spells                   Type           Power      Damage    Failure   Level
 Magic Dart               Conj           0%         1d3       86%         1
 Slow                     Hex            0%         N/A       86%         1
 Blink                    Tloc           0%         N/A       94%         2
 Call Imp                 Summ           0%         N/A       94%         2
 Confusing Touch          Hex            0%         N/A       99%         3
 Mephitic Cloud           Conj/Pois/Air  0%         N/A       99%         3
 Vampiric Draining        Necr           0%         2d6       99%         3
 Manifold Assault         Tloc           0%         N/A       100%        5
 Storm Form               Tmut/Air       0%         N/A       100%        7


Dungeon Overview and Level Annotations

Branches:
Dungeon (4/15)
 Temple: D:4-7

Altars:

Annotations:
D:3 royokou's ghost, amateur DgCj


Innate Abilities, Weirdness & Mutations

You have a pair of small horns on your head.
You may rarely emit foul miasma when damaged in melee.


Message History

You hit the endoplasm.
Space warps around the endoplasm.
You kill the endoplasm!
e - 103 stones (gained 2)
Things that are here:
a +0 dagger; a kobold corpse
q - a scroll of identify
As you read the scroll of identify, it crumbles to dust.
p - a potion of haste A goblin comes into view.
It is wielding a +0 club.
You whack the goblin!
You kill the goblin!
You see here a +0 club.
The adder hisses angrily.
The ogre shouts!
You hear a shout!
The goblin shouts!
The endoplasm quivers.
Royokou's ghost screams, "You will join me soon!"
Royokou's ghost lets out a mournful wail.
Royokou's ghost whispers, "The ORB doesn't exist."
The endoplasm jiggles.
There is a stone staircase leading down here.
Partly explored, unvisited transporter.
The ogre shouts!
The adder hisses angrily.
The goblin shouts!
The endoplasm quivers.
There is a transporter here.
You enter the transporter and appear at another place.
The endoplasm jiggles.
The adder bites you but does no damage.
There is a transporter here.
You enter the transporter and appear at another place.
The ogre barely misses you. The adder barely misses you.
You completely miss the ogre. The adder bites you but does no damage.
The ogre hits you with a +0 giant spiked club!!
Ouch! That really hurt!
* * * LOW HITPOINT WARNING * * *
You barely miss the ogre. You headbutt the ogre!
The ogre is moderately wounded.
The adder bites you but does no damage. x2
The ogre hits you with a +0 giant spiked club!
You die...

##### ##.... ##########
##.....
#######........###......
##......S................
#.......@O......###......
#...#########...# #......
#..##8..[WJ8##..# #......
#..#....g...§#..# #......
#..#.........#..# ##.....
#..#.........#..####.....
#..#....©....#...........
#..#.........#..####.####
#..#.......?.#..# ##.#


You could see an ogre, royokou's ghost, an adder, an endoplasm and a goblin.

Vanquished Creatures
  2 adders (D:3)
  A white imp (D:3)
  2 dart slugs
  An orc (D:3)
  2 bats
  6 endoplasms
  A giant cockroach (D:1)
  7 goblins
  8 hobgoblins
  3 kobolds
  A quokka (D:2)
  9 ball pythons
  4 frilled lizards
  6 rats
53 creatures vanquished.

Notes
Turn   | Place    | Note
-------+----------+-------------------------------------------
     0 | D:1      | jlumianski the Demonspawn Fighter began the quest for the
                  | Orb.
     0 | D:1      | Reached XP level 1. HP: 18/18 MP: 1/1
    84 | D:1      | Gained mutation: You may rarely emit foul miasma when
                  | damaged in melee. [demonic ancestry]
    84 | D:1      | Reached XP level 2. HP: 13/24 MP: 2/2
   321 | D:2      | Identified the +7 dagger of Context {venom, Fragile Str+7}
  1013 | D:1      | Found a faded altar of an unknown god.
  1068 | D:1      | Gained mutation: You have a pair of small horns on your
                  | head. [demonic ancestry]
  1068 | D:1      | Reached XP level 3. HP: 29/29 MP: 3/3
  1735 | D:2      | Identified a scroll of acquirement
  1736 | D:2      | Acquired a +1 vampiric demon whip
  2079 | D:3      | Found a transporter.
  2082 | D:3      | Found a transporter.
  2082 | D:3      | Noticed royokou's ghost (amateur DgCj)
  2085 | D:3      | Noticed an ogre
  2107 | D:3      | Reached XP level 4. HP: 32/35 MP: 4/4
  2695 | D:3      | Slain by an ogre

Illustrated notes

Levels and vault maps discovered:
D:1:      erik_arrival_orb_chamber, layout_loops_corners,
          basic_ecumenical_altar, chequers_serial_rivers_micro_b,
          nrook_campfire, corexii_hall_statues_deadend
D:2:      layout_rooms
D:3:      layout_rooms, gammafunk_ghost_arena
D:4:      layout_cave_pools, minmay_temple_entry_statues_pillars

Skill      XL: |  1  2  3  4 |
---------------+-------------+-----
Armour         | 3 |  3.6
Axes           | 2 |  2.4
Shields        | 3 |  3.0
Fighting       | |  3.5
Short Blades   | |  0.1
Dodging        | |  0.4

Action                   |  1- 3 |  4- 6 || total
-------------------------+-------+-------++-------
Melee: War axe           |    15 |       ||    15
       Dagger            |    46 |       ||    46
       Demon whip        |    13 |    22 ||    35
       Headbutt          |     5 |     6 ||    11
  Use: Scroll            |     9 |     1 ||    10
Armor: Scale mail        |    36 |     8 ||    44
Dodge: Dodged            |    43 |     7 ||    50
Block: Buckler           |    18 |     3 ||    21

Table legend: (Time is in decaauts)
 A = Elapsed time spent in this place.
 B = Non-inter-level travel time spent in this place.
 C = Inter-level travel time spent in this place.
 D = Time resting spent in this place.
 E = Time spent auto-exploring this place.
 F = Levels seen in this place.
 G = Mean time per level.
                   A        B        C        D        E       F      G
               +--------+--------+--------+--------+--------+-----+--------+
         Total |   2709 |   2682 |     27 |    474 |   1510 |   4 |  677.2 |
       Dungeon |   2709 |   2682 |     27 |    474 |   1510 |   4 |  677.2 |
               +--------+--------+--------+--------+--------+-----+--------+

Top non-repeatable levels by time:
     D:1: 1258 daAuts
     D:2: 737 daAuts
     D:3: 701 daAuts
     D:4: 11 daAuts
